Map: Aura mortal EE

Players

MrFercho

  • Race: Zerg Zerg
  • League: Gold
  • Spawn Location: 5:00

KennethCali - Winner!

  • Race: Terran Terran
  • League: Gold
  • Spawn Location: 11:00

VOD

Have the link to the VOD?

Description

Time

  • Played on: Aug. 8, 2020, 7:03 p.m.
  • Length: 19:33
Show
View Real Time Build Order
Export as new Build Order

MrFercho Zerg 

Build Orders: Hatch First 

Get SALT Encoding   

  12  0:00  Drone  
  13  0:13  Overlord  
  13  0:19  Drone  
  14  0:31  Drone  
  14  0:32  Drone  
  16  0:50  Hatchery  
  16  0:52  Drone  
  16  0:55  Drone  
  17  0:59  Drone  
  18  1:10  Extractor  
  17  1:16  Spawning Pool  
  16  1:18  Drone  
  16  1:22  Drone  
  18  1:29  Drone  
  19  1:41  Drone  
  20  1:50  Overlord  
  20  2:05  Queen  
  20  2:06  Queen  
  20  2:07  Zergling x4  
  26  2:21  Overlord  
  26  2:22  Drone  
  27  2:36  Overlord  
  27  2:37  Overlord  
  27  2:40  Drone x2  
  29  2:47  Lair  
  29  2:52  Metabolic Boost  
  29  2:53  Drone  
  29  2:54  Drone  
  29  2:55  Drone  
  32  3:04  Drone  
  33  3:08  Queen  
  33  3:12  Drone x2  
  37  3:16  Drone  
  38  3:21  Drone x3  
  38  3:24  Drone  
  42  3:30  Drone  
  43  3:34  Drone  
  43  3:38  Drone x3  
  47  3:43  Extractor  
  47  3:45  Drone x2  
  48  3:56  Overlord  
  48  3:58  Drone  
  49  4:12  Extractor  
  48  4:17  Evolution Chamber  
  48  4:23  Evolution Chamber  
  46  4:26  Zergling x2  
  46  4:27  Zergling x8  
  51  4:33  Drone x2  
  51  4:34  Overlord, Drone  
  54  4:43  Zerg Melee Weapons Level 1  
  54  4:46  Drone  
  54  4:47  Baneling Nest  
  54  4:48  Drone  
  55  5:03  Hatchery  
  55  5:06  Zerg Ground Armor Level 1  
  54  5:16  Pneumatized Carapace  
  54  5:22  Queen  
  56  5:43  Centrifical Hooks  
  56  5:46  Zergling x4  
  56  5:47  Zergling x4  
  56  5:48  Baneling x11  
  60  5:58  Queen  
  60  6:01  Drone x6  
  60  6:03  Overlord x2  
  60  6:04  Overlord  
  68  6:23  Extractor  
  67  6:26  Hydralisk Den  
  67  6:31  Drone x6, Infestation Pit  
  67  6:32  Queen  
  73  6:41  Overlord x3  
  73  6:47  Spore Crawler  
  72  7:10  Hydralisk x7  
  72  7:11  Hydralisk  
  85  7:20  Overseer  
  85  7:25  Drone x5  
  88  7:39  Spawning Pool  
  83  7:52  Hive  
  83  7:57  Drone x5  
  83  7:58  Extractor, Drone  
  88  7:59  Extractor  
  88  8:03  Zergling x14  
  94  8:24  Overlord x2  
  94  8:29  Spore Crawler  
  94  8:31  Spore Crawler  
  92  8:35  Grooved Spines  
  92  8:38  Hydralisk  
  92  8:39  Hydralisk x9  
  112  8:42  Spore Crawler  
  112  8:44  Drone x3  
  112  8:45  Spore Crawler  
  112  8:58  Hydralisk  
  112  8:59  Hydralisk x3  
  98  9:15  Queen  
  92  9:25  Spore Crawler  
  92  9:26  Zergling x14  
  98  9:31  Overseer  
  98  9:40  Overlord x3  
  98  9:42  Viper  
  101  9:46  Muscular Augments  
  101  9:56  Hydralisk x6  
  112  10:12  Hydralisk x6  
  114  10:23  Drone x2  
  114  10:24  Drone  
  117  10:31  Drone  
  117  10:34  Queen  
  120  10:36  Adrenal Glands  
  120  10:40  Zerg Missile Weapons Level 1  
  120  10:47  Evolution Chamber  
  120  10:48  Evolution Chamber  
  118  10:54  Spire  
  117  11:04  Lurker Den  
  117  11:07  Hydralisk x3  
  117  11:08  Hydralisk  
  117  11:09  Overlord x3, Queen  
  117  11:10  Zergling x2  
  117  11:11  Zergling x8  
  131  11:30  Hatchery  
  130  11:35  Zergling x16  
  138  11:45  Queen  
  140  12:02  Hydralisk x9  
  140  12:07  Greater Spire  
  140  12:08  Seismic Spines  
  158  12:10  Hydralisk x2  
  158  12:11  Queen x2  
  166  12:21  Drone x3  
  169  12:37  Hatchery  
  169  12:40  Zerg Missile Weapons Level 2, Zerg Melee Weapons Level 2  
  169  12:41  Hatchery  
  167  12:51  Hydralisk x4  
  167  12:54  Overlord x6  
  167  12:55  Overlord  
  175  13:05  Adaptive Talons  
  167  13:34  Drone x3  
  167  13:35  Drone x12  
  182  13:44  Zerg Flyer Weapons Level 1  
  182  13:45  Corruptor x4  
  190  13:57  Zergling x2  
  190  13:58  Zergling x14  
  190  13:59  Queen  
  190  14:02  Extractor, Drone  
  200  14:04  Extractor  
  168  14:41  Corruptor x2  
  168  14:42  Drone  
  137  14:47  Hydralisk x15  
  137  14:48  Hydralisk x10  
  159  14:54  Brood Lord  
  159  14:59  Brood Lord  
  153  15:00  Zergling x12  
  153  15:01  Zergling x2  
  160  15:18  Lurker  
  138  15:36  Zergling x2  
  138  15:37  Zergling x38  
  138  15:38  Zergling x10  
  159  15:49  Overlord x2  
  157  15:50  Overlord x2  
  148  16:06  Corruptor x5  
  148  16:11  Zergling x18  
  150  16:15  Baneling x3  
  150  16:16  Baneling x4  
  141  16:44  Hydralisk x11  
  156  17:24  Corruptor x2  
  156  17:26  Hydralisk  
  156  17:28  Zergling x4  
  166  17:32  Hatchery  
  94  18:02  Drone, Spore Crawler  
  94  18:03  Drone x12  
  80  18:19  Zergling x4  
  47  18:57  Hydralisk x2  
  51  19:04  Hydralisk  
Show
View Real Time Build Order
Export as new Build Order

KennethCali Terran - Winner!

Build Orders:  

Get SALT Encoding   

  12  0:00  SCV  
  13  0:12  SCV  
  14  0:25  SCV  
  14  0:26  Supply Depot  
  15  0:31  Refinery  
  15  0:47  SCV  
  16  0:52  Barracks  
  16  0:59  Supply Depot, SCV  
  17  1:17  SCV  
  18  1:29  SCV  
  19  1:41  SCV  
  19  1:42  Marine  
  19  1:45  Refinery  
  21  1:51  Bunker  
  21  1:56  Orbital Command  
  21  2:10  Barracks Reactor  
  21  2:17  Factory  
  21  2:29  SCV  
  22  2:31  Command Center  
  22  2:41  SCV  
  23  2:47  Marine x2  
  25  2:53  SCV  
  26  3:05  SCV  
  27  3:08  Factory Tech Lab  
  27  3:18  Starport, SCV  
  28  3:25  Marine x2  
  30  3:30  SCV  
  31  3:35  Siege Tank  
  34  3:42  SCV  
  35  3:51  Marine x2  
  37  3:57  SCV  
  37  4:02  Starport Tech Lab  
  38  4:08  Bunker  
  38  4:09  SCV  
  39  4:12  Fusion Core, SCV  
  40  4:21  Refinery, SCV  
  40  4:24  Marine x2, Refinery, SCV  
  44  4:33  SCV  
  44  4:37  Armory  
  46  4:41  Orbital Command  
  46  4:45  SCV  
  46  4:57  SCV  
  47  5:01  Battlecruiser  
  53  5:09  Marine  
  54  5:16  Marine, SCV x2  
  54  5:17  Weapon Refit  
  57  5:28  SCV x2  
  59  5:29  Drilling Claws  
  59  5:32  Supply Depot  
  59  5:40  SCV x2  
  61  5:52  SCV  
  61  5:53  Siege Tank, SCV  
  61  5:56  Supply Depot  
  66  6:04  SCV  
  66  6:05  SCV  
  66  6:09  Command Center  
  68  6:16  SCV  
  68  6:17  SCV  
  70  6:19  Terran Ship Weapons Level 1  
  70  6:24  Armory  
  70  6:26  Engineering Bay  
  70  6:28  SCV  
  70  6:29  SCV  
  72  6:37  Engineering Bay  
  72  6:41  SCV  
  72  6:42  SCV  
  74  6:53  SCV  
  74  6:54  Battlecruiser, SCV  
  82  7:21  Siege Tank  
  85  7:34  SCV x3  
  82  7:46  SCV  
  82  7:50  SCV x2  
  85  7:58  Battlecruiser, SCV  
  91  8:02  SCV x2  
  94  8:07  Terran Vehicle Weapons Level 1  
  94  8:10  SCV  
  94  8:11  Marine x2  
  94  8:12  Starport  
  97  8:13  Terran Vehicle And Ship Armor Level 1  
  97  8:15  Hi-Sec Auto Tracking, Neosteel Armor  
  97  8:21  Supply Depot  
  97  8:26  SCV x3  
  100  8:33  Marine  
  101  8:42  Supply Depot, Marine, SCV  
  101  8:47  SCV x2  
  105  8:54  SCV  
  106  8:59  SCV  
  107  9:04  Battlecruiser  
  111  9:12  Terran Infantry Armor Level 1  
  105  9:26  SCV x2  
  105  9:27  Marine x2, SCV  
  110  9:38  SCV  
  110  9:43  Barracks  
  110  9:45  Factory Tech Lab  
  111  9:46  Command Center  
  111  9:48  Barracks  
  111  9:50  Marine x2, SCV  
  111  9:51  SCV  
  115  9:55  Terran Infantry Weapons Level 1  
  115  10:02  Barracks, SCV  
  115  10:03  Barracks  
  98  10:20  Planetary Fortress  
  95  10:21  Marine x2  
  95  10:24  Siege Tank  
  100  10:39  Bunker, Barracks Reactor, Marine x2  
  102  10:45  Barracks Tech Lab, SCV x2  
  104  10:54  Barracks Reactor  
  104  10:57  SCV x2  
  104  11:00  Barracks Tech Lab  
  104  11:03  Marine x2, SCV x2  
  110  11:05  Siege Tank  
  110  11:09  SCV x2  
  110  11:10  Factory, Starport Tech Lab  
  115  11:12  Factory  
  115  11:13  Terran Vehicle And Ship Armor Level 2, Terran Vehicle Weapons Level 2  
  115  11:15  SCV x2  
  115  11:16  Terran Infantry Armor Level 2  
  117  11:25  Refinery  
  117  11:26  Refinery  
  117  11:29  Stimpack  
  117  11:45  Marine x4  
  117  11:46  Marauder, Marine x2  
  125  12:03  Marine  
  125  12:04  Marine x2, SCV x4  
  132  12:10  Factory Tech Lab x2  
  132  12:15  Marauder, Marine x3  
  137  12:16  Thor  
  137  12:20  Marine  
  137  12:22  Marine x2  
  146  12:27  Planetary Fortress  
  146  12:33  Marine  
  147  12:47  Command Center  
  147  12:49  Command Center  
  147  12:51  Refinery  
  147  12:52  Missile Turret  
  147  12:53  Missile Turret  
  147  12:54  Refinery  
  147  12:55  Missile Turret  
  147  12:57  Ghost Academy x2  
  147  13:08  Concussive Shells  
  147  13:09  SCV  
  148  13:24  Marine x4  
  148  13:25  SCV x2  
  148  13:29  Terran Ship Weapons Level 2  
  148  13:48  Hellion, Marine x5, SCV  
  156  13:50  Command Center  
  156  13:52  Command Center  
  156  13:56  Personal Cloaking  
  156  13:57  Nuke  
  156  13:58  Marine  
  156  13:59  Marauder, Hellion x2  
  163  14:03  Planetary Fortress  
  163  14:04  Planetary Fortress  
  163  14:05  Marine x5  
  170  14:10  Hellion  
  170  14:15  Bunker  
  170  14:16  Bunker, Marine  
  171  14:20  Marauder, Hellion, Siege Tank  
  171  14:23  Marine  
  179  14:31  Siege Tank  
  179  14:39  Enhanced Shockwaves  
  179  14:43  Marauder, Siege Tank  
  170  14:51  Marine  
  170  14:52  Marine x5  
  170  15:02  Siege Tank  
  170  15:04  Marauder  
  175  15:09  Marine x3  
  175  15:10  Marine x3  
  174  15:22  Nuke  
  174  15:25  Marauder  
  174  15:27  Marine x4  
  174  15:28  Marine x2  
  149  15:41  Thor x3  
  162  15:44  Battlecruiser x2  
  162  15:45  Marine x4  
  162  15:46  Orbital Command  
  162  15:47  Marauder  
  170  15:57  Marine x2  
  170  16:03  Marine  
  167  16:08  Marauder  
  142  16:29  Ghost  
  138  16:46  SCV x3  
  141  16:47  Planetary Fortress  
  141  16:48  Viking, Battlecruiser  
  149  16:57  Ghost  
  149  16:58  SCV x2  
  153  17:06  Marine x3  
  153  17:07  Marine x3  
  159  17:18  Viking  
  159  17:19  SCV x3  
  159  17:20  SCV  
  165  17:24  Marine x4  
  165  17:26  Ghost  
  171  17:31  SCV x2  
  173  17:44  Marine  
  173  17:45  Marine x5  
  173  17:47  Viking  
  178  17:54  Ghost  
  160  18:02  Marine x2  
  160  18:03  Marine  
  139  18:20  Marine x2  
  139  18:21  Marine x4  
  139  18:23  Ghost  
  144  18:27  Nuke x2  
  143  18:38  Marine x3  
  143  18:39  Marine x3  
  149  18:44  Command Center, Refinery x2  
  149  18:47  Command Center  
  149  18:51  Ghost  
  151  18:58  Marine  
  151  18:59  Marine x5  
Tags
 
League
GoldGold
Matchup
TvZ
Replay Pack
MrFercho
Spawn Locations
Cross Positions
Add a new tag
Caveats
  • Supply blocks, unpowered buildings, or Contaminate may cause inaccurate times.
  • Supply counts are checked every 10 seconds.